 Dungeon Crawl Stone Soup version 0.19-a0-414-g76fec5b (webtiles) character file.

18 tyrsky the Ruffian (level 2, -2/25 HPs)
             Began as a Naga Transmuter on May 31, 2016.
             Slain by a kobold
             ... wielding a +0 club
              (4 damage)
             ... on level 1 of the Dungeon.
             The game lasted 00:02:04 (927 turns).

tyrsky the Ruffian (Naga Transmuter)                 Turns: 927, Time: 00:02:05

Health: -2/25      AC:  1    Str: 12    XL:     2   Next: 66%
Magic:  4/5        EV: 10    Int: 13    God:
Gold:   35         SH:  0    Dex: 11    Spells: 1 memorised, 4 levels left

rFire  . . .     SeeInvis +       - Unarmed
rCold  . . .     Gourm    .     b - +0 robe
rNeg   . . .     Faith    .     (no shield)
rPois  +         Spirit   .     (no helmet)
rElec  .         Dismiss  .     (no cloak)
rCorr  .         Reflect  .     (no gloves)
SustAt .         Harm     .     (no barding)
MR     .....                    (no amulet)
Stlth  +.........               (no ring)
                                (no ring)

@: short of breath, appendage (expiring), very slow, not resistant to hostile
enchantments, very unstealthy
A: horns 2, see invisible, deformed body, poison resistance, slowness 2, slow
metabolism 1, spit poison 2, AC +0
a: Spit Poison, End Transformation


You were on level 1 of the Dungeon.
You were not hungry.
You had grown temporary horns.
You visited 1 branch of the dungeon, and saw 1 of its levels.

You collected 35 gold pieces.

Inventory:

Missiles
 a - 12 arrows
Armour
 b - a +0 robe (worn)
Scrolls
 e - a scroll of magic mapping {unknown}
 g - a scroll of identify {unknown}
Potions
 f - a potion of degeneration {unknown}
Books
 c - a book of Changes

   Spells                             Type                      Level
   a - Beastly Appendage              Transmutation                1
   b - Sticks to Snakes               Transmutation                2
   c - Spider Form                    Transmutation/Poison         3
   d - Ice Form                       Ice/Transmutation            4
   e - Blade Hands                    Transmutation                5
Comestibles
 d - a bread ration


   Skills:
 + Level 1.2 Fighting
 - Level 1.5 Dodging
 * Level 3.3 Unarmed Combat
 * Level 2.2 Spellcasting
 * Level 2.4 Transmutations


You had 4 spell levels left.
You knew the following spells:

 Your Spells              Type           Power        Failure   Level  Hunger
a - Beastly Appendage     Tmut           #.....       12%         1    ##.....


Dungeon Overview and Level Annotations

Branches:
Dungeon (1/15)

Altars:


Innate Abilities, Weirdness & Mutations

You cannot wear boots.
Your serpentine skin is tough (AC +0).
You have supernaturally acute eyesight. (SInv)
Armour fits poorly on your strangely shaped body.
Your system is resistant to poisons. (rPois)
You cover ground very slowly.
You have a slow metabolism.
You can spit poison.
You have a pair of horns on your head.


Message History

The kobold hits you with a club.
* * * LOW HITPOINT WARNING * * *
Press: ? - help, Shift-Dir - straight line, f - kobold
Aim: a kobold, wielding a club (moderately wounded)
The splash of poison misses the kobold.
The splash of poison hits the hobgoblin.
You kill the hobgoblin!
You feel slightly more hungry. The kobold closely misses you.
Firing (i - inventory): No suitable missiles.
Press: ? - help, Shift-Dir - straight line, f/p - kobold
Aim: a kobold, wielding a club (moderately wounded)
Okay, then.
Unknown command.
You can't do that yet.
Unknown command.
You can't do that yet.
You closely miss the kobold.
The kobold is moderately wounded.
The kobold hits you with a club.
You die...

#.##. ... #.### ###
#..# #.### ..##..#
##.... #. #.#..#
##########..... #..
#...#
#............## ...
##...#
#.########..#.. ..#
#....####.## #.#.##
#.###...)KN....#
#.####
#.......####..#
#..)..
#..##..####.## #..#
#####.
#....$...((.(# #..#
#. #####.#####..#
#..### #. # #..#
#....# ### #. #..#
#.##.# ##.####.
#..###.##.###.#.....
#...........>###....


You could see a kobold.

Vanquished Creatures
  An ooze (D:1)
  A dart slug (D:1)
  A giant cockroach (D:1)
  3 hobgoblins (D:1)
  2 bats (D:1)
  3 giant newts (D:1)
  2 rats (D:1)
13 creatures vanquished.

Vanquished Creatures (others)
  A giant cockroach (D:1)
1 creature vanquished.

Grand Total: 14 creatures vanquished

Notes
Turn   | Place    | Note
--------------------------------------------------------------
     0 | D:1      | tyrsky the Naga Transmuter began the quest for the Orb.
     0 | D:1      | Reached XP level 1. HP: 18/18 MP: 3/3
   358 | D:1      | Reached XP level 2. HP: 16/25 MP: 5/5
   927 | D:1      | Slain by a kobold

Vault maps used:
D:1:      lemuel_arrival_broad_hall, st_stairs_13, lemuel_old_faithful

Action                   || total
-------------------------++-------
Melee: Unarmed           ||    82
       Punch             ||     1
 Cast: Beastly Appendage ||     1
 Abil: Spit Poison       ||     1
Armor: Robe              ||    17
Dodge: Dodged            ||    58
